 Dungeon Crawl Stone Soup version 0.32-a0-643-ga006e7742e (webtiles) character file.

Game seed: 3346472044405307775

384043 RepHenryClay the Impregnable (level 22, -8/205 HPs)
             Began as a Ghoul Gladiator on Mar 6, 2024.
             Was the Champion of Okawaru.
             Mangled by a vampire knight
             ... wielding a +0 great sword
              (26 damage)
             ... on level 1 of the Depths on Mar 7, 2024.
             The game lasted 02:21:17 (61378 turns).

RepHenryClay the Impregnable (Ghoul Gladiator)     Turns: 61378, Time: 02:21:17

Health: -8/205     AC: 28    Str: 25    XL:     22   Next: 95%
Magic:  28/29      EV: 26    Int:  9    God:    Okawaru [******]
Gold:   542        SH:  5    Dex: 20    Spells: 21/21 levels left

rFire   + . .        b - +6 great mace of Olethupt {flame, rElec rF+}
rCold   + . .        (shield currently unavailable)
rNeg    + + +        L - +2 scale mail of the Antique God {rCorr Int+2 Slay+6 Stlth+}
rPois   ∞            c - +0 helmet
rElec   +            K - scarf {repulsion}
rCorr   +            M - +2 pair of gloves "Malioruk" {Will+ Str+4 Stlth+}
SInv    .            m - +1 pair of boots of Darkness {Will+ rCorr Dex+2}
Will    +++..        y - amulet of reflection
Stlth   ++++         U - +4 ring of slaying
HPRegen 0.00/turn    x - +4 ring of protection
MPRegen 0.21/turn

%: repel missiles, reflection
@: heroic, inhibited regen
A: claws 1, cold resistance 1, negative energy resistance 3, inhibited
regeneration, torment resistance 2, devour on kill
}: 2/15 runes: decaying, serpentine
a: Renounce Religion, Heroism, Finesse, Duel


You were on level 1 of the Depths.
You worshipped Okawaru.
Okawaru was exalted by your worship.
You visited 9 branches of the dungeon, and saw 39 of its levels.
You visited 1 bazaar.
You also visited: Trove, Ossuary, Gauntlet, Ice Cave and Volcano.

You collected 4534 gold pieces.
You spent 3992 gold pieces at shops.

Inventory:

Hand Weapons
 a - the +1 eveningstar "Brilliance" {foul flame, Umbra}
   (You found it in a treasure trove)

   Umbra:     It surrounds you with an aura of shadow, increasing your stealth
   and reducing the accuracy of all others within it.
 b - the +6 great mace of Olethupt (weapon) {flame, rElec rF+}
   (Okawaru gifted it to you on level 2 of the Lair of Beasts)

   rF+:       It protects you from fire.
   rElec:     It insulates you from electricity.
 E - a +3 eveningstar of flaming
Missiles
 d - 5 throwing nets
 h - a datura-tipped dart
 t - 21 silver javelins
 u - 5 darts of dispersal
 I - 30 javelins
 N - 11 curare-tipped darts (quivered)
Armour
 c - a +0 helmet (worn)
 j - a +2 kite shield of fire resistance
 m - the +1 pair of boots of Darkness (worn) {Will+ rCorr Dex+2}
   (You found it on level 3 of the Vaults)

   Dex+2:     It affects your dexterity (+2).
   Will+:     It increases your willpower.
   rCorr:     It protects you from acid and corrosion.
 K - a scarf of repulsion (worn)
 L - the +2 scale mail of the Antique God (worn) {rCorr Int+2 Slay+6 Stlth+}
   (You found it on level 10 of the Dungeon)

   Int+2:     It affects your intelligence (+2).
   Slay+6:    It affects your accuracy & damage with ranged weapons and melee
   (+6).
   rCorr:     It protects you from acid and corrosion.
   Stlth+:    It makes you more stealthy.
 M - the +2 pair of gloves "Malioruk" (worn) {Will+ Str+4 Stlth+}
   (You found it in a Gauntlet)

   Str+4:     It affects your strength (+4).
   Will+:     It increases your willpower.
   Stlth+:    It makes you more stealthy.
Jewellery
 f - a ring of see invisible
 i - the ring of Ohysid {Will+ Str-3 Int+3 SInv Stlth+}
   (You found it in a Gauntlet)

   [ring of see invisible]

   Str-3:     It affects your strength (-3).
   Int+3:     It affects your intelligence (+3).
   Will+:     It increases your willpower.
   SInv:      It lets you see invisible.
   Stlth+:    It makes you more stealthy.
 x - a +4 ring of protection (right hand)
 y - an amulet of reflection (around neck)
 J - a ring of protection from fire
 U - a +4 ring of slaying (left hand)
 X - a ring of protection from cold
Wands
 n - a wand of warping (11)
 o - a wand of quicksilver (7)
 w - a wand of digging (22)
 G - a wand of paralysis (65)
 S - a wand of mindburst (13)
Scrolls
 e - 3 scrolls of immolation
 g - 2 scrolls of fear
 k - 4 scrolls of brand weapon
 l - 9 scrolls of teleportation
 r - 5 scrolls of enchant armour
 v - 3 scrolls of torment
 z - 6 scrolls of blinking
 C - 3 scrolls of vulnerability
 D - 5 scrolls of revelation
 R - 4 scrolls of fog
 Z - 5 scrolls of enchant weapon
Potions
 p - 3 potions of heal wounds
 q - 5 potions of haste
 s - 14 potions of curing
 A - 2 potions of ambrosia
 F - 3 potions of cancellation
 H - 4 potions of magic
 O - 3 potions of attraction
 Q - 3 potions of resistance
 T - 3 potions of might
 V - a potion of invisibility
 Y - 3 potions of enlightenment
Miscellaneous
 B - a tin of tremorstones (2/2)
 P - a lightning rod (4/4)
 W - a phial of floods


   Skills:
 + Level 19.1(24.1) Fighting
 - Level 20.0(25.0) Maces & Flails
 - Level 8.0(13.0) Throwing
 + Level 21.0(26.0) Armour
 + Level 17.2(22.2) Dodging
 - Level 10.0 Invocations


You had 21 spell levels left.
You didn't know any spells.
Your spell library contained the following spells:

 Spells                   Type           Power      Damage    Failure   Level
 Apportation              Tloc           0%         N/A       52%         1
 Foxfire                  Conj/Fire      0%         2x1d4     52%         1
 Magic Dart               Conj           0%         1d3       52%         1
 Necrotise                Necr           0%         1d4       52%         1
 Slow                     Hex            0%         N/A       52%         1
 Sting                    Conj/Alch      0%         1d3       52%         1
 Jinxbite                 Hex            0%         N/A       65%         2
 Lesser Beckoning         Tloc           0%         N/A       65%         2
 Mercury Vapours          Alch/Air       0%         N/A       65%         2
 Searing Ray              Conj           0%         2d4       65%         2
 Confusing Touch          Hex            0%         N/A       87%         3
 Dazzling Flash           Conj/Hex       0%         N/A       87%         3
 Fugue of the Fallen      Necr           0%         N/A       87%         3
 Gell's Gravitas          Tloc           0%         N/A       87%         3
 Inner Flame              Hex/Fire       0%         N/A       87%         3
 Mephitic Cloud           Conj/Alch/Air  0%         N/A       87%         3
 Ozocubu's Armour         Ice            0%         N/A       87%         3
 Sigil of Binding         Hex            0%         N/A       87%         3
 Teleport Other           Tloc           0%         N/A       87%         3
 Vampiric Draining        Necr           0%         2d6       87%         3
 Volatile Blastmotes      Fire/Tloc      0%         2d10      87%         3
 Anguish                  Hex/Necr       0%         N/A       99%         4
 Cause Fear               Hex            0%         N/A       99%         4
 Flame Wave               Conj/Fire      0%         2d4       99%         4
 Fulminant Prism          Conj/Alch      0%         3d5       99%         4
 Ignite Poison            Fire/Alch      0%         N/A       99%         4
 Iskenderun's Mystic Bla  Conj/Tloc      0%         2d3       99%         4
 Manifold Assault         Tloc           0%         N/A       99%         4
 Petrify                  Alch/Erth      0%         N/A       99%         4
 Sticky Flame             Fire/Alch      0%         2d4       99%         4
 Vhi's Electric Charge    Tloc/Air       0%         N/A       99%         4
 Alistair's Intoxication  Alch           0%         N/A       100%        5
 Arcjolt                  Conj/Air       0%         1d10      100%        5
 Curse of Agony           Necr           0%         N/A       100%        5
 Fireball                 Conj/Fire      0%         3d3       100%        5
 Freezing Cloud           Conj/Ice/Air   0%         6-21      100%        5
 Irradiate                Conj/Alch      0%         3d11      100%        5
 Silence                  Hex/Air        0%         N/A       100%        5
 Yara's Violent Unravell  Hex/Alch       0%         3d3       100%        5
 Plasma Beam              Fire/Air       0%         2x1d10    100%        6
 Starburst                Conj/Fire      0%         6d3       100%        6
 Enfeeble                 Hex            0%         N/A       100%        7
 Ignition                 Fire           0%         3d3       100%        8
 Maxwell's Capacitive Co  Air            0%         ∞         100%        8
 Summon Small Mammal      Summ           Unusable   N/A       N/A         1
 Call Imp                 Summ           Unusable   N/A       N/A         2
 Sublimation of Blood     Necr           Unusable   N/A       N/A         2
 Animate Dead             Necr           Unusable   N/A       N/A         4
 Summon Blazeheart Golem  Fire/Summ      Unusable   N/A       N/A         4
 Summon Hydra             Summ           Unusable   N/A       N/A         7
 Death's Door             Necr           Unusable   N/A       N/A         9
 Dragon's Call            Summ           Unusable   N/A       N/A         9

Dungeon Overview and Level Annotations

Branches:
Dungeon (15/15)            Temple (1/1) D:4            Lair (5/5) D:11
  Swamp (4/4) Lair:3        Snake (4/4) Lair:3        Slime (0/5) Lair:5
    Orc (2/2) D:9             Elf (3/3) Orc:2        Vaults (4/5) D:13
  Crypt (0/3) Vaults:2     Depths (1/4) D:15        Ossuary (visited)
  IceCv (visited)         Volcano (visited)         Gauntlet (visited)

Altars:
Ashenzari
Cheibriados
Dithmenos
Fedhas
Gozag
Hepliaklqana
Kikubaaqudgha
Makhleb
Nemelex Xobeh
Okawaru
Qazlal
Ru
Sif Muna
Trog
Uskayaw
Vehumet
Wu Jian
Xom
Yredelemnul
Beogh
Lugonu

Shops:
D:3 :   D:8 [   D:12 (   D:14 **   Orc:2 :[(*   Elf:1 [:=   Snake:4 [?[
Vaults:1 (*   Depths:1 *

Portals:
Hell: Depths:1
Abyss: D:7
Pandemonium: Depths:1

Annotations:
D:7 2 runed translucent doors
Lair:5 1 runed translucent door


Innate Abilities, Weirdness & Mutations

You are immune to poison.
You have sharp fingernails.
Your flesh is cold resistant. (rC+)
You are immune to negative energy. (rN+++)
You do not regenerate when monsters are visible.
You are immune to unholy pain and torment.
You thrive by killing the living.


Message History

Something hits you!
* * * LOW HITPOINT WARNING * * *
Deactivating autopickup; reactivate with Ctrl-A.
Something bites you but does no damage.
Huge Dmg: -7%(-14hp) hp: 27%(55hp) Welcome back, RepHenryClay the Ghoul Gladiator.
Okawaru says: Bring me glory in combat!
Press ? for a list of commands and other information.
You beat the rakshasa like a drum!!!
You burn the rakshasa.
The rakshasa is severely wounded.
The injured rakshasa weaves a defensive illusion!
Something closely misses you. Something bites you but does no damage.
Deactivating autopickup; reactivate with Ctrl-A.
You bludgeon the rakshasa!! You burn the rakshasa.
You kill the rakshasa!
Okawaru accepts your kill.
The ettin shimmers and vanishes!
The rakshasa shimmers and vanishes!
Something hits you!
* * * LOW HITPOINT WARNING * * *
Something bites you!
* * * LOW HITPOINT WARNING * * *
Huge Dmg: -13%(-27hp) hp: 14%(28hp) Welcome back, RepHenryClay the Ghoul Gladiator.
Okawaru says: Bring me glory in combat!
Press ? for a list of commands and other information.
You beat the ettin like a drum!!!
You burn the ettin!
The ettin is almost dead.
Something hits you!
* * * LOW HITPOINT WARNING * * *
Deactivating autopickup; reactivate with Ctrl-A.
Something completely misses you.
Huge Dmg: -5%(-10hp) hp: 9%(18hp) Welcome back, RepHenryClay the Ghoul Gladiator.
Okawaru says: Bring me glory in combat!
Press ? for a list of commands and other information.
You flatten the ettin like a pancake!!! You burn the ettin.
You kill the ettin!
Okawaru accepts your kill. Something hits you!!
You die...

## #'# #.# ##.## >.
...###...## ...
....#.....# ...
....'.....+ ...
....#.....# .... ..§
##.D.### ### ..... # ##
##$##.## ##.## .....#
##...#@#...###...####
.....+
+.....'....)'.....'.#
.....#
###...#+#...###...##.#
.....#
#.##.##.##.##.##.###.#
.....#
...###...###...###...#
.....####
....#.....#.....#...####
.....##.+
....'..(..'.....'......##
^....#..#
#.....#.....#........
........##
###...###...##........


You could see an ice dragon.

Vanquished Creatures
  the Lernaean hydra (Swamp:4)
  Saint Roka (Orc:1)
  Nikola (Snake:1)
  Jorgrun (D:15)
  3 tentacled monstrosities
  Rupert (Orc:1)
  An Ice Fiend (IceCv)
  A lich (Depths:1)
  Asterion (Snake:3)
  A sphinx (Vaults:4)
  Agnes (Snake:1)
  A tengu reaver (Depths:1)
  Kirke (D:15)
  Aizul (Snake:1)
  6 nagarajas
  A fenstrider witch (Swamp:1)
  3 frost giants
  A deep elf elementalist (Elf:1)
  6 vault wardens
  3 orc warlords
  13 ironbound preservers
  2 formless jellyfish
  6 stone giants
  7 ironbound thunderhulks
  2 deep elf demonologists (Elf:1)
  4 very ugly things
  Nessos (D:15)
  6 eleionomae
  8 dire elephants
  4 spark wasps (Depths:1)
  Azrael (D:13)
  6 bunyips
  A minotaur (Gauntlet)
  Snorg (D:12)
  2 shambling mangroves (Swamp:1)
  3 ettins (Depths:1)
  2 fire dragons
  A rakshasa (Depths:1)
  An entropy weaver (Vaults:2)
  8 yaktaur captains
  9 vault guards
  3 great orbs of eyes
  2 ice dragons
  3 salamander tyrants
  2 caustic shrike simulacra (IceCv)
  Fannar (D:11)
  A ghost crab (Swamp:2)
  9 ironbound frosthearts
  9 alligators
  12 centaur warriors
  2 catoblepae
  22 hydras
  2 ogre magi
  2 spriggan air magi
  19 anacondas
  10 two-headed ogres
  25 dancing weapons
  4 boulder beetles
  Urug (Orc:1)
  7 tengu warriors
  8 naga sharpshooters
  15 death yaks
  2 deep troll earth magi
  18 naga warriors
  5 shock serpents
  An orc high priest (Orc:2)
  25 deep elf knights
  Nergalle (Lair:3)
  2 spectral death yaks (Lair:5)
  Amaemon (Lair:1)
  An iron troll (D:15)
  A spectral anaconda (Lair:5)
  A fire crab (Elf:2)
  5 goliath frogs
  2 skysharks
  8 skeletal warriors
  2 glowing orange brains (Vaults:2)
  9 salamander mystics
  25 mana vipers
  20 naga ritualists
  A death drake (Swamp:4)
  A flayed ghost (Vaults:4)
  43 deep trolls
  6 arcanists
  4 spriggan druids
  11 swamp dragons
  10 bog bodies
  A phantasmal warrior (Vaults:3)
  An orange crystal statue (Elf:1)
  7 deep elf archers
  13 ironbound convokers
  2 sun moths (Elf:2)
  8 necromancers
  12 orc knights
  2 spriggan simulacra (IceCv)
  2 obsidian statues
  5 steelbarb worms (Swamp:1)
  29 deep elf zephyrmancers
  A steelbarb worm (shapeshifter) (Elf:2)
  10 lindwurms
  A sphinx simulacrum (Vaults:1)
  2 orc sorcerers (Orc:2)
  17 ugly things
  22 salamanders
  A tengu skeleton (Vaults:1)
  A stone giant zombie (Vaults:2)
  A frost giant zombie (Vaults:2)
  27 deep elf pyromancers
  23 elephants
  6 cyclopes
  A dire elephant zombie (Lair:5)
  6 will-o-the-wisps
  59 black mambas
  15 naga magi
  2 ice statues (Elf:1)
  5 molten gargoyles
  4 kobold blastminers (Orc:2)
  An orange demon (Lair:1)
  9 guardian serpents
  An unseen horror (D:11)
  13 vault sentinels
  19 cane toads
  2 gargoyles
  A yaktaur zombie (Vaults:2)
  A dire elephant skeleton (Lair:5)
  A kobold demonologist (D:13)
  A minotaur zombie (Gauntlet)
  7 komodo dragons
  3 rime drakes
  22 yaktaurs
  8 freezing wraiths
  5 ice devils
  4 efreet
  2 yaktaur skeletons (Vaults:1)
  3 hydra zombies (Swamp:2)
  3 tengu conjurers
  7 trolls
  2 polar bears (D:9)
  11 tyrant leeches
  2 bloated husks (Swamp:1)
  An alligator simulacrum (IceCv)
  A wolf spider simulacrum (D:14)
  An ettin zombie (Vaults:2)
  12 hornets
  5 blink frogs
  A spectral elephant (Lair:5)
  4 dream sheep (Lair:5)
  27 slime creatures
  2 centaur simulacra (D:10)
  10 spriggans
  2 dire elephant simulacra (IceCv)
  A shadow (D:9)
  3 air elementals (Elf:1)
  Sigmund (D:5)
  3 wraiths
  3 wyverns
  7 fire elementals
  3 wargs
  62 yaks
  3 vampires
  A water elemental (Elf:1)
  8 hogs
  A hog (shapeshifter) (D:13)
  5 basilisks
  2 redbacks (Vaults:2)
  4 humans (D:13)
  13 vampire mosquitoes
  Menkaure (D:6)
  A death yak simulacrum (Lair:5)
  2 minotaur simulacra (IceCv)
  44 nagas
  A steam dragon (Lair:1)
  A harpy simulacrum (IceCv)
  A glowing shapeshifter skeleton (Vaults:1)
  Edmund (D:5)
  5 acid dragons
  23 swamp worms
  Duvessa (D:5)
  15 water moccasins
  A hell hound (D:13)
  12 swamp drakes
  23 orc warriors
  A meliai simulacrum (D:14)
  2 black bears
  9 ice beasts
  12 centaurs
  9 ogres
  2 boggarts
  9 wolves
  3 elephant skeletons (Lair:5)
  2 phantoms
  4 kobold brigands
  A weeping skull (Ossuary)
  10 bullfrogs
  2 gnoll sergeants
  4 scorpions (D:6)
  5 deep troll simulacra (IceCv)
  4 earth elementals
  A cane toad simulacrum (Lair:5)
  3 wights (D:7)
  A burial acolyte (Ossuary)
  Dowan (D:5)
  7 killer bees
  An elephant simulacrum (Lair:5)
  3 electric eels (Lair:4)
  11 howler monkeys
  A lava snake (Elf:2)
  A centaur zombie (Ossuary)
  5 hounds
  3 bombardier beetles (D:5)
  21 orc priests
  4 human zombies
  6 iguanas
  A sleepcap (D:4)
  21 orc wizards
  6 hell rats (Lair:1)
  3 mummies
  4 gnolls (D:13)
  7 adders
  5 white imps
  2 adder zombies (Ossuary)
  A dart slug (D:4)
  3 ribbon worms
  69 orcs
  6 ball pythons
  4 bats
  2 endoplasms (D:4)
  3 giant cockroaches
  10 goblins
  4 hobgoblins
  2 jackals (D:2)
  10 kobolds
  4 quokkas
  3 frilled lizards (D:3)
  A goblin zombie (D:6)
  A hobgoblin zombie (D:6)
  An orc zombie (Ossuary)
  6 rats
1547 creatures vanquished.

Vanquished Creatures (others)
  2 deep elf knights (Elf:1)
  A fire crab (Elf:2)
  A deep elf archer (Elf:1)
  A deep elf zephyrmancer (Elf:1)
  2 bloated husks
  A fire elemental (Elf:1)
  A wolf (D:10)
  2 orcs
  15 foxfires
26 creatures vanquished.

Grand Total: 1573 creatures vanquished

Notes
Turn   | Place    | Note
-------+----------+-------------------------------------------
     0 | D:1      | RepHenryClay the Ghoul Gladiator began the quest for the
                  | Orb.
     0 | D:1      | Reached XP level 1. HP: 17/17 MP: 1/1
   225 | D:1      | Reached XP level 2. HP: 24/24 MP: 2/2
   600 | D:2      | Reached skill level 1 in Armour
   629 | D:2      | Reached XP level 3. HP: 13/29 MP: 3/3
  1288 | D:3      | Found Faempoir's Book Emporium.
  1350 | D:3      | Reached XP level 4. HP: 36/36 MP: 4/4
  1526 | D:3      | Noticed a phantom
  1537 | D:3      | Killed a phantom
  1538 | D:3      | Reached skill level 2 in Armour
  1538 | D:3      | Reached XP level 5. HP: 37/41 MP: 5/5
  1927 | D:3      | Found a shadowy altar of Dithmenos.
  1940 | D:3      | Found a bloodstained altar of Trog.
  2244 | D:4      | Reached skill level 5 in Maces & Flails
  2244 | D:4      | Reached XP level 6. HP: 43/48 MP: 6/6
  2293 | D:4      | Found a staircase to the Ecumenical Temple.
  2303 | Temple   | Entered the Ecumenical Temple
  2309 | Temple   | Became a worshipper of Warmaster Okawaru
  2663 | D:4      | Reached skill level 1 in Invocations
  2852 | D:5      | Entered Level 5 of the Dungeon
  2860 | D:5      | Noticed an ice beast
  2871 | D:5      | Killed an ice beast
  3061 | D:5      | Noticed an ice beast
  3072 | D:5      | Killed an ice beast
  3073 | D:5      | Reached XP level 7. HP: 55/55 MP: 8/10
  3107 | D:5      | Reached * piety under Okawaru
  3108 | D:5      | Reached skill level 5 in Invocations
  3119 | D:5      | Noticed Dowan
  3144 | D:5      | Killed Dowan
  3145 | D:5      | Reached skill level 3 in Armour
  3403 | D:5      | Noticed Edmund
  3514 | D:5      | Noticed Sigmund
  3568 | D:5      | Reached XP level 8. HP: 35/61 MP: 11/11
  3584 | D:5      | Killed Sigmund
  3584 | D:5      | Reached ** piety under Okawaru
  3705 | D:5      | Found a hazy altar of Hepliaklqana.
  3839 | D:5      | Noticed a vampire
  4063 | D:6      | Reached skill level 4 in Armour
  4193 | D:6      | Noticed Menkaure
  4200 | D:6      | Killed Menkaure
  4226 | D:6      | Found a sand-covered staircase.
  4297 | Ossuary  | Entered an ossuary
  4297 | Ossuary  | Found a huge runed translucent gate.
  4297 | Ossuary  | Found a huge runed translucent gate.
  4297 | Ossuary  | Found a huge runed translucent gate.
  4297 | Ossuary  | Found a huge runed translucent gate.
  4297 | Ossuary  | Found a huge runed translucent gate.
  4297 | Ossuary  | Found a huge runed translucent gate.
  4297 | Ossuary  | Found a huge runed translucent gate.
  4297 | Ossuary  | Found a huge runed translucent gate.
  4364 | Ossuary  | Found a huge runed translucent gate.
  4364 | Ossuary  | Found a huge runed translucent gate.
  4365 | Ossuary  | Found a huge runed translucent gate.
  4365 | Ossuary  | Found a huge runed translucent gate.
  4366 | Ossuary  | Found a huge runed translucent gate.
  4367 | Ossuary  | Found a huge runed translucent gate.
  4367 | Ossuary  | Found a huge runed translucent gate.
  4395 | Ossuary  | Found a huge runed translucent gate.
  4395 | Ossuary  | Found a huge runed translucent gate.
  4395 | Ossuary  | Found a huge runed translucent gate.
  4395 | Ossuary  | Found a huge runed translucent gate.
  4399 | Ossuary  | Found a huge runed translucent gate.
  4399 | Ossuary  | Found a huge runed translucent gate.
  4399 | Ossuary  | Found a huge runed translucent gate.
  4401 | Ossuary  | Found a huge runed translucent gate.
  4401 | Ossuary  | Found a huge runed translucent gate.
  4402 | Ossuary  | Found a huge runed translucent gate.
  4402 | Ossuary  | Found a huge runed translucent gate.
  4403 | Ossuary  | Found a huge runed translucent gate.
  4403 | Ossuary  | Found a huge runed translucent gate.
  4516 | Ossuary  | Found a huge runed translucent gate.
  4517 | Ossuary  | Found a huge runed translucent gate.
  4517 | Ossuary  | Found a huge runed translucent gate.
  4517 | Ossuary  | Found a huge runed translucent gate.
  4517 | Ossuary  | Found a huge runed translucent gate.
  4517 | Ossuary  | Found a huge runed translucent gate.
  4517 | Ossuary  | Found a huge runed translucent gate.
  4541 | Ossuary  | Reached XP level 9. HP: 66/67 MP: 12/12
  5392 | D:6      | Found a shimmering altar of Xom.
  5454 | D:6      | Reached *** piety under Okawaru
  5470 | D:6      | Reached skill level 5 in Armour
  5944 | D:7      | Noticed a kobold demonologist
  6422 | D:7      | Found a one-way gate to the infinite horrors of the Abyss.
  6422 | D:7      | Identified the +3 dagger of Liclinib {distort, rElec rPois}
  6704 | D:7      | Found a large runed translucent door.
  6705 | D:7      | Found a large runed translucent door.
  6710 | D:7      | Found a corrupted altar of Lugonu.
  6915 | D:7      | Reached skill level 5 in Throwing
  7288 | D:8      | Found Aveupinavu's Antique Armour Shoppe.
  7313 | D:8      | Found a stormy altar of Qazlal.
  7460 | D:8      | Reached skill level 6 in Armour
  7461 | D:8      | Reached **** piety under Okawaru
  7647 | D:8      | Reached XP level 10. HP: 63/73 MP: 13/13
  8067 | D:8      | Reached skill level 10 in Maces & Flails
  8212 | D:9      | Found a staircase to the Orcish Mines.
  9142 | D:9      | Reached skill level 5 in Fighting
  9193 | D:9      | Reached skill level 5 in Dodging
  9194 | D:9      | Reached ***** piety under Okawaru
  9334 | D:9      | Received a gift from Okawaru
  9449 | D:10     | Entered Level 10 of the Dungeon
  9454 | D:10     | Reached XP level 11. HP: 81/86 MP: 14/14
  9611 | D:9      | Reached skill level 7 in Armour
 10346 | D:10     | Identified the +1 scale mail of Ymusiu {rN++ Str+4 Slay-2}
 10633 | D:10     | Identified the +2 scale mail of the Antique God {rCorr
                  | Int+2 Slay+6 Stlth+}
 10863 | D:10     | Found a blossoming altar of Fedhas.
 10971 | D:11     | Noticed Fannar
 10981 | D:11     | Killed Fannar
 11083 | D:11     | Found a staircase to the Lair.
 11114 | D:11     | Noticed a cyclops
 11114 | D:11     | Noticed a two-headed ogre
 11141 | D:11     | Killed a cyclops
 11206 | D:11     | Killed a two-headed ogre
 11324 | D:11     | Reached skill level 8 in Armour
 11434 | D:11     | Received a gift from Okawaru
 12025 | D:12     | Noticed a cyclops
 12036 | D:12     | Killed a cyclops
 12037 | D:12     | Reached XP level 12. HP: 77/94 MP: 13/15
 12244 | D:12     | Noticed a boulder beetle
 12265 | D:12     | Killed a boulder beetle
 12265 | D:12     | Received a gift from Okawaru
 12322 | D:12     | Noticed Snorg
 12331 | D:12     | Killed Snorg
 12348 | D:12     | Found a gate leading to a gauntlet.
 12358 | Gauntlet | Entered a Gauntlet
 12358 | Gauntlet | Found a transporter.
 12358 | Gauntlet | Found a transporter.
 12380 | Gauntlet | Found a transporter.
 12383 | Gauntlet | Found a transporter.
 12383 | Gauntlet | Found a transporter.
 12383 | Gauntlet | Found a transporter.
 12393 | Gauntlet | Found a transporter.
 12397 | Gauntlet | Found a transporter.
 12399 | Gauntlet | Noticed a death yak
 12401 | Gauntlet | Noticed a death yak
 12401 | Gauntlet | Noticed a death yak
 12407 | Gauntlet | Found a transporter.
 12411 | Gauntlet | Found a transporter.
 12510 | Gauntlet | Found a transporter.
 12512 | Gauntlet | Found a transporter.
 12609 | Gauntlet | Identified the +2 pair of gloves "Malioruk" {Will+ Str+4
                  | Stlth+}
 12644 | Gauntlet | Killed a death yak
 12655 | Gauntlet | Killed a death yak
 12661 | Gauntlet | Killed a death yak
 12750 | Gauntlet | Identified the ring of Ohysid {Will+ Str-3 Int+3 SInv
                  | Stlth+}
 12776 | Gauntlet | Noticed a minotaur
 12791 | Gauntlet | Killed a minotaur
 12791 | Gauntlet | Received a gift from Okawaru
 12797 | Gauntlet | Identified the +5 mace "Tirauno" {freeze, MP+9}
 12797 | Gauntlet | Identified the +7 sling "Pieraorujich" {heavy, rC+ rCorr}
 13314 | D:12     | Found Yhagirok's Weapon Shop.
 14042 | D:5      | Killed Edmund
 14265 | D:5      | Noticed Duvessa
 14280 | D:5      | Killed Duvessa
 14529 | Lair:1   | Entered Level 1 of the Lair of Beasts
 14831 | Lair:1   | Noticed Amaemon
 14855 | Lair:1   | Received a gift from Okawaru
 14866 | Lair:1   | Killed Amaemon
 14867 | Lair:1   | Reached XP level 13. HP: 71/100 MP: 19/19
 15058 | Lair:1   | Reached skill level 9 in Armour
 15758 | Lair:1   | Received a gift from Okawaru
 16383 | Lair:2   | Reached ****** piety under Okawaru
 16400 | Lair:2   | Acquired the +6 great mace of Olethupt {flame, rElec rF+}
 16400 | Lair:2   | Received a gift from Okawaru
 16402 | Lair:2   | Acquired the +2 pair of boots of Myxkonant {rN+ Will++
                  | Str-3}
 16402 | Lair:2   | Received a gift from Okawaru
 17005 | Lair:3   | Noticed Nergalle
 17011 | Lair:3   | Killed Nergalle
 17061 | Lair:2   | Reached skill level 10 in Armour
 17061 | Lair:2   | Reached XP level 14. HP: 89/113 MP: 21/21
 17177 | Lair:3   | Received a gift from Okawaru
 17179 | Lair:3   | Found a staircase to the Snake Pit.
 17286 | Lair:3   | Reached skill level 10 in Invocations
 17527 | Lair:3   | Found a staircase to the Swamp.
 18184 | Lair:3   | Identified the blade talisman "Cyjua" {rC+ Dex+3}
 18526 | Lair:4   | Found a dark tunnel.
 18578 | Volcano  | Entered a volcano
 19640 | Lair:4   | Received a gift from Okawaru
 19641 | Lair:4   | Reached skill level 10 in Dodging
 20111 | Lair:4   | Reached skill level 11 in Armour
 20795 | Lair:5   | Entered Level 5 of the Lair of Beasts
 20954 | Lair:5   | Reached skill level 10 in Fighting
 21113 | Lair:5   | Noticed a dire elephant
 21113 | Lair:5   | Noticed a dire elephant
 21469 | Lair:5   | Received a gift from Okawaru
 21504 | Lair:5   | Reached XP level 15. HP: 125/128 MP: 22/22
 21635 | Lair:5   | Found a runed translucent door.
 21637 | Lair:5   | Noticed an acid blob
 21638 | Lair:5   | Found a staircase to the Slime Pits.
 22479 | Lair:5   | Received a gift from Okawaru
 23053 | Orc:1    | Entered Level 1 of the Orcish Mines
 23294 | Orc:2    | Entered Level 2 of the Orcish Mines
 23294 | Orc:2    | Noticed Rupert
 23294 | Orc:2    | Found a staircase to the Elven Halls.
 23316 | Orc:1    | Killed Rupert
 23317 | Orc:1    | Reached skill level 12 in Armour
 23573 | Orc:2    | Noticed Urug
 23645 | Orc:1    | Killed Urug
 23748 | Orc:2    | Noticed Saint Roka
 23757 | Orc:2    | Noticed an orc warlord
 24680 | Orc:1    | Killed Saint Roka
 24680 | Orc:1    | Received a gift from Okawaru
 24711 | Orc:2    | Killed an orc warlord
 25403 | Orc:2    | Found a roughly hewn altar of Beogh.
 25506 | Orc:2    | Received a gift from Okawaru
 25609 | Orc:2    | Found Pamew's Antique Armour Emporium.
 25620 | Orc:2    | Found Teilargh's Antique Weapon Emporium.
 25636 | Orc:2    | Found Haqoe's Book Emporium.
 25976 | Orc:2    | Found Duch's General Store.
 25983 | Orc:2    | Bought a scroll of teleportation for 42 gold pieces
 25983 | Orc:2    | Bought a scroll of blinking for 105 gold pieces
 26168 | D:13     | Identified the +8 dagger "Mucet" {antimagic, rElec rF++
                  | rCorr}
 26204 | D:13     | Noticed Azrael
 26211 | D:13     | Killed Azrael
 26565 | D:13     | Identified the +2 great sword of the Foremost Artisans
                  | {drain, Str+2 Int-4 Dex+3}
 26624 | D:13     | Reached XP level 16. HP: 128/139 MP: 23/23
 27205 | D:13     | Found a gate to the Vaults.
 27257 | D:13     | Received a gift from Okawaru
 27592 | D:14     | Found Waczukaut's Specific Store.
 27594 | D:14     | Found Bustrak's General Store.
 27633 | D:14     | Found an ancient bone altar of Kikubaaqudgha.
 28684 | D:15     | Entered Level 15 of the Dungeon
 28698 | D:15     | Reached skill level 13 in Armour
 28862 | D:15     | Noticed Nessos
 28889 | D:15     | Found an iron altar of Okawaru.
 28892 | D:15     | Killed Nessos
 29269 | D:15     | Noticed Kirke
 29287 | D:15     | Received a gift from Okawaru
 29299 | D:15     | Killed Kirke
 29719 | D:15     | Noticed Jorgrun
 29735 | D:15     | Killed Jorgrun
 30149 | D:15     | Found a staircase to the Depths.
 30480 | Snake:1  | Entered Level 1 of the Snake Pit
 31011 | Snake:1  | Received a gift from Okawaru
 31078 | Snake:1  | Identified the +0 chain mail of Lethargy {Int+4}
 31124 | Snake:1  | Reached XP level 17. HP: 87/151 MP: 14/24
 31430 | Snake:1  | Noticed Agnes
 31431 | Snake:1  | Noticed Nikola
 31437 | Snake:1  | Killed Agnes
 31495 | Snake:1  | Killed Nikola
 31762 | D:8      | Bought a runed scarf for 160 gold pieces
 31932 | Snake:1  | Received a gift from Okawaru
 31944 | Snake:1  | Reached skill level 14 in Armour
 32445 | Snake:1  | Identified the serpent talisman of Mirth {Int+7}
 32445 | Snake:1  | Noticed Aizul
 32464 | Snake:1  | Killed Aizul
 33277 | Snake:2  | Received a gift from Okawaru
 33952 | Snake:2  | Identified the +2 trident of the Hawk {spect, Int+2}
 34751 | Snake:3  | Found a snail-covered altar of Cheibriados.
 34758 | Snake:3  | Upgraded the game from 0.32-a0-630-g46d191b0ed to
                  | 0.32-a0-643-ga006e7742e
 34777 | Snake:3  | Noticed Asterion
 35100 | Snake:3  | Killed Asterion
 35243 | Snake:3  | Received a gift from Okawaru
 35362 | Snake:3  | Reached skill level 15 in Maces & Flails
 36189 | Snake:3  | Reached XP level 18. HP: 150/161 MP: 8/25
 36777 | Snake:3  | Found a snail-covered altar of Cheibriados.
 37107 | Swamp:1  | Entered Level 1 of the Swamp
 37120 | Lair:3   | Received a gift from Okawaru
 38167 | Swamp:1  | Identified the +1 plate armour of Lucidity {Str+3 Int+5
                  | Dex-5 SInv}
 38771 | Swamp:1  | Received a gift from Okawaru
 39335 | Swamp:2  | Got the Codex of Reanimation Made Easy
 40127 | Swamp:2  | Received a gift from Okawaru
 41073 | Swamp:3  | Noticed a tentacled monstrosity
 41082 | Swamp:3  | Killed a tentacled monstrosity
 41454 | Swamp:4  | Entered Level 4 of the Swamp
 42070 | Swamp:4  | Received a gift from Okawaru
 42550 | Swamp:4  | Noticed a tentacled monstrosity
 42598 | Swamp:4  | Noticed a tentacled monstrosity
 42610 | Swamp:3  | Killed a tentacled monstrosity
 42611 | Swamp:3  | Reached XP level 19. HP: 102/169 MP: 26/26
 43200 | Swamp:4  | Killed a tentacled monstrosity
 43479 | Swamp:4  | Noticed the 27-headed Lernaean hydra
 43489 | Swamp:4  | Killed the 27-headed Lernaean hydra
 44122 | Swamp:4  | Got a decaying rune of Zot
 44976 | Elf:1    | Entered Level 1 of the Elven Halls
 45045 | Elf:1    | Received a gift from Okawaru
 45296 | Elf:1    | Received a gift from Okawaru
 45322 | Elf:1    | Reached skill level 15 in Fighting
 45340 | Elf:1    | Found a portal to a secret trove of treasure.
 45381 | Elf:1    | Found a flickering gateway to a bazaar.
 45392 | Bazaar   | Entered a bazaar
 45413 | Bazaar   | Found Ywkuodde's Antique Weapon Boutique.
 45427 | Bazaar   | Found Qaopewue's Weapon Shop.
 45455 | Bazaar   | Found Reisagi's Magic Scroll Shop.
 45469 | Bazaar   | Found Nahuley's Distillery.
 45531 | Bazaar   | Bought 2 potions of haste for 140 gold pieces
 45531 | Bazaar   | Bought a potion of curing for 21 gold pieces
 45531 | Bazaar   | Bought a potion of curing for 21 gold pieces
 45531 | Bazaar   | Bought a potion of heal wounds for 35 gold pieces
 45531 | Bazaar   | Bought a potion of might for 28 gold pieces
 45545 | Bazaar   | Bought a scroll of blinking for 105 gold pieces
 45545 | Bazaar   | Bought a scroll of teleportation for 42 gold pieces
 45545 | Bazaar   | Bought a scroll of revelation for 105 gold pieces
 45545 | Bazaar   | Bought a scroll of blinking for 105 gold pieces
 45545 | Bazaar   | Bought a scroll of enchant weapon for 105 gold pieces
 45587 | Bazaar   | Bought a twisted flail for 238 gold pieces
 45587 | Bazaar   | Identified the +2 flail of Tigaex {distort, *Rage +Blink
                  | Int+3} (You bought it in a shop in a bazaar)
 45587 | Bazaar   | Bought a fading lajatang for 560 gold pieces
 45587 | Bazaar   | Identified the +11 lajatang "Orb Guardian's Peril" {freeze,
                  | rPois Int+3} (You bought it in a shop in a bazaar)
 45672 | Elf:1    | Found a glacial archway.
 45680 | IceCv    | Entered an ice cave
 46249 | IceCv    | Noticed an Ice Fiend
 46261 | IceCv    | Killed an Ice Fiend
 46574 | Elf:1    | Found Epil's Jewellery Shop.
 46592 | Elf:1    | Received a gift from Okawaru
 47017 | Elf:1    | Found Yptun's Antique Armour Shop.
 47026 | Elf:1    | Found Joza's Book Shop.
 47033 | Elf:1    | Identified a scroll of acquirement
 47041 | Elf:1    | Acquired a manual of Armour
 47057 | Elf:1    | Bought an embroidered cloak for 180 gold pieces
 47057 | Elf:1    | Bought crude quicksilver dragon scales for 1560 gold pieces
 47057 | Elf:1    | Identified the quicksilver dragon scales of Jovaept {rPois
                  | Will+ Int+5 Dex-5} (You bought it in a shop on level 1 of
                  | the Elven Halls)
 47177 | Elf:1    | Reached skill level 15 in Armour
 47204 | Elf:1    | Reached XP level 20. HP: 164/179 MP: 27/27
 47826 | Elf:2    | Found a runed translucent gate.
 47852 | Elf:2    | Reached skill level 16 in Armour
 48220 | Elf:2    | Found a runed translucent gate.
 48220 | Elf:2    | Found a runed translucent gate.
 48269 | Elf:2    | Reached skill level 17 in Armour
 48271 | Elf:2    | Received a gift from Okawaru
 48550 | Elf:2    | Got Sif Muna's Omnibus of Oxidation
 49159 | Elf:2    | Reached skill level 18 in Armour
 50361 | Elf:3    | Entered Level 3 of the Elven Halls
 50517 | Vaults:1 | Entered Level 1 of the Vaults
 50557 | Vaults:1 | Found Foel's Assorted Antiques.
 51307 | Vaults:1 | Received a gift from Okawaru
 51426 | Vaults:1 | Reached skill level 19 in Armour
 51622 | Vaults:1 | Found Kell's Weapon Emporium.
 52362 | Vaults:2 | Received a gift from Okawaru
 52623 | Vaults:2 | Reached XP level 21. HP: 171/188 MP: 25/28
 52897 | Vaults:2 | Found a staircase to the Crypt.
 52897 | Vaults:2 | Found an ancient bone altar of Kikubaaqudgha.
 52898 | Vaults:2 | Found a basalt altar of Yredelemnul.
 53016 | Vaults:2 | Reached skill level 15 in Dodging
 53073 | Vaults:2 | Identified the +6 war axe of Breach {heavy, rElec Will+
                  | Int+3 Dex-4}
 53175 | Vaults:2 | Identified the +8 quarterstaff "Coxteog" {freeze, *Slow
                  | rElec Int+2 Dex+7}
 53369 | Vaults:2 | Received a gift from Okawaru
 54242 | Vaults:3 | Identified the +1 pair of boots of Darkness {Will+ rCorr
                  | Dex+2}
 54527 | Vaults:3 | Received a gift from Okawaru
 55381 | Vaults:4 | Reached skill level 20 in Armour
 55949 | Vaults:4 | Received a gift from Okawaru
 56288 | Vaults:4 | Reached XP level 22. HP: 201/201 MP: 29/29
 56615 | Vaults:4 | Received a gift from Okawaru
 57059 | Snake:4  | Entered Level 4 of the Snake Pit
 58363 | Snake:4  | Found Hesey's Armour Boutique.
 58367 | Snake:4  | Found Ynnam's Magic Scroll Shop.
 58368 | Snake:4  | Found Fikhlou's Armour Boutique.
 58377 | Snake:4  | Bought a scroll of teleportation for 63 gold pieces
 58377 | Snake:4  | Bought a scroll of teleportation for 63 gold pieces
 58377 | Snake:4  | Bought a scroll of enchant armour for 157 gold pieces
 58377 | Snake:4  | Bought a scroll of enchant armour for 157 gold pieces
 58595 | Snake:4  | Received a gift from Okawaru
 58796 | Snake:4  | Identified the +7 lajatang of Evisceration {antimagic,
                  | *Rage rC- rN+++ rCorr}
 59696 | Snake:4  | Got a serpentine rune of Zot
 60078 | Depths:1 | Entered Level 1 of the Depths
 60078 | Depths:1 | Found a one-way gate leading to the halls of Pandemonium.
 60087 | D:15     | Received a gift from Okawaru
 60322 | Depths:1 | Found a gateway to Hell.
 60527 | Depths:1 | Found Agiov's Overcharged Wands.
 60849 | Elf:1    | You paid a toll of +5 ice dragon scales to enter a treasure
                  | trove
 60850 | Trove    | Entered a treasure trove
 60852 | Trove    | Found the +1 eveningstar "Brilliance" {foul flame, Umbra}
 60861 | Trove    | Identified the +11 bardiche "Beastbane" {speed, rElec rF+}
 60864 | Trove    | Identified the +7 dire flail "Zim Heaff" {venom, rElec rF+
                  | Will-}
 60865 | Trove    | Identified the +7 shortbow of Vebrop {drain, Will+ Str+2}
 60872 | Trove    | Identified the +5 morningstar "Ykocosm" {chaos, *Rage rPois
                  | Will+ SInv}
 61196 | Depths:1 | Reached skill level 21 in Armour
 61378 | Depths:1 | Mangled by a vampire knight

Illustrated notes

Levels and vault maps discovered:
D:1:      dreamdust_arrival_beginning_and_end, layout_rooms,
          nicolae_twisty_statue_hallways
D:2:      layout_basic
D:3:      layout_loops_ring, jmf_multi_god_temple2, serial_shops, shop
D:4:      layout_layer_cave, minmay_temple_entry_large_hall
D:5:      layout_loops_ring, nzn_hepliaklqana_mist_gate, uniq_sigmund,
          uniq_edmund, uniq_duvessa
D:6:      layout_basic, gammafunk_temple_overflow_elements,
          nicolae_ossuary_entry_giza, uniq_menkaure
D:7:      due_chaos_kobolds, layout_gridville, lightli_corner_chamber
D:8:      layout_basic, mainiacjoe_overflow_surrounded_room,
          nicolae_stop_n_shop_1
D:9:      minmay_razor_zed, layout_rooms, david_orc_3, serial_curves,
          eino_curves_01, eino_curves_03
D:10:     layout_cave_pools, fedhas_altar_4, serial_ice, serial_ice_e,
          serial_ice_d, serial_ice_f, serial_ice_c
D:11:     layout_roguey, hellmonk_lair_entry_icy, uniq_fannar
D:12:     layout_basic, gauntlet_entry_generic, serial_shops,
          kennysheep_mini_moat, st_stairs_2, worms_lemuel, uniq_snorg
D:13:     layout_roguey, hellmonk_vaults_keyhole, grunt_livestock, uniq_azrael
D:14:     layout_basic, kiku_gazebo_garden_becter, nicolae_specific_store
D:15:     grunt_enter_depths_snipers, layout_loops_ring, okawaru_gym_becter,
          uniq_jorgrun, uniq_kirke, uniq_nessos
Temple:   hellmonk_temple_two_chambers
Lair:1:   layout_concentric_octagons, cheibrodos_lair_reptile_den,
          lemuel_fruit_tree, uniq_amaemon
Lair:2:   layout_cave_pods
Lair:3:   layout_cave_pods, mainiacjoe_swamp_entry_lozenge_pond,
          guppyfry_snake_entry_island, grunt_megastairs_5,
          infiniplex_staircase_pool_2, uniq_nergalle
Lair:4:   statuecave_lemuel, layout_regular_city,
          nicolae_volcano_entry_lava_flow, grunt_megastairs_1,
          serial_bayou_shore_b
Lair:5:   due_jungle_book, layout_cave_pods, slime_entry_2, grunt_megastairs_2
Swamp:1:  layout_falls_marsh, nicolae_swamp_trees_clearing, swamp_pool_1_2,
          nicolae_swamp_vermiculated
Swamp:2:  layout_falls_marsh, nicolae_swamp_very_dense_foliage, swamp_pool_1_2,
          nicolae_swamp_necromancy_gone_wrong, nicolae_swamp_decorative_isthmus
Swamp:3:  layout_basic_swamp, evilmike_swamp_ruin_rubble_2, swamp_pool_4
Swamp:4:  grunt_swamp_rune_castle, layout_basic_swamp, swamp_pool_5
Snake:1:  layout_onion, nicolae_snake_gridmaze_zigzag, nicolae_snake_naga_rites,
          serial_bayou_shore_b, uniq_aizul, uniq_agnes, uniq_nikola
Snake:2:  layout_cave_shapes, nicolae_integral_box
Snake:3:  layout_rooms, basic_altar, uniq_asterion
Snake:4:  snake_pit_salamanders_mu, layout_cave_town,
          nicolae_snake_coiling_death, minmay_shop_star
Orc:1:    layout_caves
Orc:2:    grunt_orc_cross, layout_caves, uniq_saint_roka, uniq_rupert, uniq_urug
Elf:1:    nicolae_elf_arrival_fired_up, layout_gridlike,
          portal_ice_cave_entry_ice_statue_two, serial_shops, statue_bzr, shop,
          nicolae_shop_gaudy_bauble, shop, enter_trove_5,
          hangedman_elven_crosses_minicolossus, minmay_elf_demonology,
          grunt_megastairs_3
Elf:2:    elven_hall_of_blades_hangedman_original
          [nicolae_vaults_blade_armed_guards], layout_gridlike,
          hangedman_research_pyrotechnics
Elf:3:    elf_hall_gauntlet_narrow, layout_gridlike,
          minmay_checkered_concentric_circles
Vaults:1: hangedman_vaults_capsules, vaults_room_stairs_pillars, v_misc_9,
          lemuel_angel_altar, nicolae_vaults_two_Ls, ontoclasm_vaults_fault,
          nicolae_vaults_taking_the_gang_shopping,
          vaults_standard_mumra_enter_the_diamond, nicolae_vaults_asterisk,
          vaults_standard_mumra_lines, vaults_mumra_hexcomb,
          nicolae_vaults_tetromino_L_2, layout_vaults_maze, serial_shops, shop
Vaults:2: v_misc_29, vaults_dpeg_hooks, nicolae_vaults_sightless_eye,
          nicolae_vaults_swerve, nicolae_vaults_trapezoid_1, vaults_dpeg_cross,
          ontoclasm_vaults_chip, nicolae_vaults_sealed_display,
          vaults_room_semicircle, nicolae_vaults_double_plus_2,
          nicolae_vaults_sesquioval_fish, minmay_crypt_entry_necro_gods,
          ontoclasm_vaults_ring_square, nicolae_vaults_enemy_cabinets,
          serial_library_hellmonk_semicircle, layout_vaults_omnicross
Vaults:3: nicolae_vaults_offset_grid_hallway_3, nicolae_vaults_bisected_slash,
          nicolae_vaults_network_barrier, nicolae_vaults_double_plus_2,
          nicolae_vaults_house_2, nicolae_vaults_asterisk,
          ontoclasm_vaults_pinch, vaults_room_grid,
          nicolae_vaults_closet_pinwheel_4, vaults_room_grunt_arrival_ludios,
          nicolae_vaults_tetromino_Z_1, layout_vaults_big_room
Vaults:4: ontoclasm_vaults_twist, v_misc_5, v_misc_30, st_lattice,
          hangedman_vaults_stagger, nicolae_vaults_wrenched,
          nicolae_vaults_trapezoid_lopsided_3,
          nicolae_vaults_trapezoid_lopsided_3, nicolae_vaults_little_squares_2,
          ontoclasm_vaults_spin, ontoclasm_vaults_eye,
          nicolae_vaults_little_squares_1, nicolae_vaults_trapezoid_3,
          nicolae_vaults_specimen_jars, nicolae_vaults_house_1,
          layout_vaults_ring
Depths:1: layout_cross, hell_entry, abyss_entry,
          nicolae_uskayaw_murder_on_the_dancefloor, pan_entry,
          nicolae_hexahallways, nicolae_shop_overcharged_wands

Skill      XL: |  1  2  3  4  5  6  7  8  9 10 11 12 13 14 15 16 17 18 19 20 21 22 |
---------------+-------------------------------------------------------------------+-----
Maces & Flails | 3 4 5 6 7 9 10 12 13 14 15 18 20 | 20.0
Armour         | 1 2 3 4 6 8 10 11 12 13 14 15 19 20 21 | 21.0
Invocations    | 4 5 8 9 10 | 10.0
Throwing       | 2 4 5 7 8 |  8.0
Dodging        | 5 7 8 10 11 13 14 16 17 | 17.2
Fighting       | 5 7 10 12 13 14 15 16 17 19 | 19.1

Action                     |  1- 3 |  4- 6 |  7- 9 | 10-12 | 13-15 | 16-18 | 19-21 | 22-24 || total
---------------------------+-------+-------+-------+-------+-------+-------+-------+-------++-------
  Melee: Flail             |   110 |   153 |   288 |       |       |       |       |       ||   551
         Mace              |       |       |   169 |   615 |     4 |       |       |       ||   788
         Demon whip        |       |       |       |       |  1188 |    75 |       |       ||  1263
         Great mace        |       |       |       |       |   401 |  1364 |  1406 |   494 ||  3665
         Eveningstar       |       |       |       |       |       |       |       |    20 ||    20
  Throw: Dart              |       |     3 |     4 |    60 |    17 |    10 |     1 |       ||    95
         Javelin           |       |     1 |     1 |       |       |     1 |       |       ||     3
         Throwing net      |       |       |     1 |     1 |       |       |       |       ||     2
 Invoke: Heroism           |       |       |       |     9 |     8 |     9 |    10 |     2 ||    38
         Receive Weapon    |       |       |       |       |     1 |       |       |       ||     1
         Receive Armour    |       |       |       |       |     1 |       |       |       ||     1
         Finesse           |       |       |       |       |     2 |     1 |     1 |       ||     4
  Evoke: Wand              |       |       |       |    10 |     5 |       |     4 |       ||    19
         Tin of tremorston |       |       |       |       |       |     2 |       |       ||     2
         Lightning rod     |       |       |       |       |       |       |     3 |       ||     3
         Phial of floods   |       |       |       |       |       |       |     1 |       ||     1
    Use: Scroll            |       |       |     9 |     6 |    10 |    14 |    11 |     5 ||    55
         Potion            |       |       |     9 |     2 |     3 |     3 |     5 |     1 ||    23
   Stab: Held in net/web   |       |       |     1 |       |       |       |       |       ||     1
         Paralysed         |       |       |       |     7 |       |       |       |       ||     7
         Distracted        |       |       |       |     1 |       |     1 |     1 |       ||     3
         Sleeping          |       |       |       |     1 |       |     3 |     4 |     2 ||    10
         Invisible         |       |       |       |       |    13 |       |     2 |       ||    15
 Armour: Leather armour    |    50 |       |       |       |       |       |       |       ||    50
         Chain mail        |    42 |   109 |   432 |   154 |       |       |       |       ||   737
         Acid dragon scale |       |       |       |   229 |       |       |       |       ||   229
         Scale mail        |       |       |       |   197 |   872 |  1518 |  1006 |   421 ||  4014
  Dodge: Dodged            |    78 |    60 |   186 |   454 |   837 |  1136 |   888 |   479 ||  4118
         Repelled          |       |       |       |       |       |   108 |    99 |    69 ||   276
  Block: Other             |       |       |   101 |   168 |   232 |   346 |   247 |   120 ||  1214
         Reflection        |       |       |     4 |     5 |     8 |    28 |    25 |    19 ||    89

Table legend: (Time is in decaauts)
 A = Elapsed time spent in this place.
 B = Non-inter-level travel time spent in this place.
 C = Inter-level travel time spent in this place.
 D = Time resting spent in this place.
 E = Time spent auto-exploring this place.
 F = Levels seen in this place.
 G = Mean time per level.
                   A        B        C        D        E       F      G
               +--------+--------+--------+--------+--------+-----+--------+
         Total |  60701 |  55184 |   5517 |  10626 |  29732 |  45 | 1348.9 |
       Dungeon |  19734 |  17067 |   2667 |   2885 |   8833 |  15 | 1315.6 |
        Temple |     12 |      6 |      6 |      0 |      0 |   1 |   12.0 |
          Lair |   8845 |   7783 |   1062 |   1430 |   4706 |   5 | 1769.0 |
         Swamp |   7201 |   6861 |    340 |   1691 |   3750 |   4 | 1800.2 |
     Snake Pit |   8741 |   8162 |    579 |   2182 |   3803 |   4 | 2185.2 |
  Orcish Mines |   2721 |   2485 |    236 |    938 |    930 |   2 | 1360.5 |
   Elven Halls |   4411 |   4112 |    299 |    574 |   2444 |   3 | 1470.3 |
        Vaults |   6058 |   5758 |    300 |    300 |   4250 |   4 | 1514.5 |
        Depths |    408 |    385 |     23 |      0 |    249 |   1 |  408.0 |
        Bazaar |    271 |    271 |      0 |      0 |      0 |   1 |  271.0 |
         Trove |     56 |     56 |      0 |      0 |      2 |   1 |   56.0 |
       Ossuary |    350 |    350 |      0 |    149 |     73 |   1 |  350.0 |
      Ice Cave |    760 |    760 |      0 |    221 |    224 |   1 |  760.0 |
       Volcano |    452 |    452 |      0 |    254 |      0 |   1 |  452.0 |
      Gauntlet |    672 |    672 |      0 |      0 |    466 |   1 |  672.0 |
               +--------+--------+--------+--------+--------+-----+--------+

Top non-repeatable levels by time:
 Snake:1: 2879 daAuts
     D:9: 2747 daAuts
   Elf:2: 2628 daAuts
  Lair:3: 2587 daAuts
 Swamp:3: 2541 daAuts
 Snake:4: 2371 daAuts
 Snake:3: 2158 daAuts
    D:15: 2044 daAuts
  Lair:5: 1951 daAuts
Vaults:2: 1925 daAuts
   Elf:1: 1780 daAuts
     D:5: 1752 daAuts
 Swamp:1: 1709 daAuts
   Orc:1: 1578 daAuts
  Lair:4: 1548 daAuts
